 Dungeon Crawl Stone Soup version 0.22-a0-113-gdd6f4a9 (webtiles) character file.

485 SnubMonkey the Archer (level 6, 0/50 HPs)
             Began as a Centaur Hunter on Jan 28, 2018.
             Slain by a worker ant (4 damage)
             ... on level 4 of the Dungeon.
             The game lasted 00:11:04 (4731 turns).

SnubMonkey the Archer (Centaur Hunter)              Turns: 4731, Time: 00:11:04

Health: 0/50       AC:  4    Str: 16    XL:     6   Next: 88%
Magic:  6/6        EV:  9    Int: 10    God:
Gold:   147        SH:  5    Dex: 10    Spells: 5/5 levels left

rFire    . . .     SeeInvis .   y - +0 scimitar
rCold    . . .     Gourm    .   (no shield)
rNeg     . . .     Faith    .   c - +0 leather armour
rPois    .         Spirit   .   k - -1 helmet (curse)
rElec    .         Reflect  +   (no cloak)
rCorr    .         Harm     .   (no gloves)
MR       .....                  (no barding)
Stlth    +.........             o - +5 amulet of reflection
HPRegen  0.16/turn              (no ring)
MPRegen  0.10/turn              (no ring)

@: lethally poisoned (0 -> -13), hasted, very quick
A: large, hooves 3, deformed body, speed 2, tough skin 3
a: no special abilities


You were on level 4 of the Dungeon.
You were not hungry.

You visited 1 branch of the dungeon, and saw 4 of its levels.

You collected 147 gold pieces.

Inventory:

Hand Weapons
 a - a +1 shortbow
 b - a +0 short sword
 m - a +0 dagger
 y - a +0 scimitar (weapon)
Missiles
 u - 2 steel tomahawks (quivered)
 v - an arrow
 w - a throwing net
Armour
 c - a +0 leather armour (worn)
 k - a cursed -1 helmet (worn)
Jewellery
 e - an uncursed ring of poison resistance {unknown}
 o - a +5 amulet of reflection (around neck)
Wands
 t - a wand of disintegration (10)
Scrolls
 g - a scroll of fear {unknown}
 h - a scroll of magic mapping
 r - a scroll of remove curse {unknown}
 x - a scroll of immolation {unknown}
Potions
 i - 3 potions of brilliance
 j - a potion of haste
 l - a potion of heal wounds {unknown}
 n - 3 potions of cancellation
 p - a potion of lignification {unknown}
 s - 2 potions of degeneration {unknown}
Comestibles
 d - 4 chunks of flesh
 f - 9 rations


   Skills:
 + Level 2.7 Fighting
 - Level 1.7(2.0) Short Blades
 * Level 1.3(1.8) Long Blades
 - Level 9.8 Bows
 - Level 1.3 Dodging
 - Level 0.4 Stealth


You had 5 spell levels left.
You didn't know any spells.

Dungeon Overview and Level Annotations

Branches:
Dungeon (4/15)
 Temple: D:4-7

Altars:
Gozag
Ru
Sif Muna

Shops:
D:2 *


Innate Abilities, Weirdness & Mutations

You have hooves in place of feet.
Armour fits poorly on your strangely shaped body.
You cover ground very quickly.
You have extremely tough skin. (AC +3)


Message History

The adder poisons you!
You barely miss the adder.
The adder is severely wounded.
You feel sick. The adder bites you.
* * * LOW HITPOINT WARNING * * *
You are more poisoned.
The adder poisons you! You block the adder's attack.
You hit the adder.
You kill the adder!
You feel sick.
You feel yourself speed up. The worker ant bites you.
* * * LOW HITPOINT WARNING * * *
You are lethally poisoned!
The worker ant poisons you!
You hit the worker ant but do no damage.
Your kick misses the worker ant.
The worker ant is severely wounded.
* * * LOW HITPOINT WARNING * * *
You feel sick. The worker ant bites you.
You die...

*,,***,,#.......#*###,***,*****,
*,*,*,*,#.......#...,,,,,,,,,,,,
*,**,**,#.......#.#**,**,,,,,,,,
*,**,**,#.....%>..# *,,*,,,,,,,,
*,,,,,,,#.......#** **,*,,,,,,,,
**,*,*,*#.......# *,******,,,
**,**,**,#.......# *,* *,#)
*,***,**#.###.##a# *,# *,#. *,*
*,,..,,,##.#@#####*.# #.#.
*,****#*,,,,,,##.....##.# #.#.
**,** **,*,#########....# *...
**,***,,*##≈.≈.≈≈≈##.########*#.
**,,,*,*#.#######≈#........###.
*****,*#≈#≈.≈.##÷#..###......<
*,*#≈#.###≈#≈#..###.#.....
*,,#≈#[#.≈##≈#..##........
***#≈#≈#####.#..##..#..)..


You could see a worker ant.

Vanquished Creatures
  Blork the orc (D:4)
  An orc wizard (D:3)
  A hound (D:4)
  Natasha (twice) (D:3)
  2 worker ants (D:4)
  9 adders
  8 gnolls
  3 oozes
  An adder skeleton (D:4)
  An adder zombie (D:3)
  2 dart slugs (D:2)
  7 leopard geckos
  5 orcs
  3 bats
  2 giant cockroaches
  4 goblins
  7 hobgoblins
  7 jackals
  5 kobolds
  A quokka (D:3)
  A ball python (D:3)
  3 frilled lizards
  9 rats
85 creatures vanquished.

Notes
Turn   | Place    | Note
-------+----------+-------------------------------------------
     0 | D:1      | SnubMonkey the Centaur Hunter began the quest for the Orb.
     0 | D:1      | Reached XP level 1. HP: 17/17 MP: 1/1
   145 | D:1      | Reached skill level 6 in Bows
   145 | D:1      | Reached XP level 2. HP: 14/24 MP: 2/2
   556 | D:2      | Found an opulent altar of Gozag.
   557 | D:2      | Found a sacrificial altar of Ru.
   747 | D:2      | Reached XP level 3. HP: 25/29 MP: 3/3
   895 | D:2      | Reached skill level 7 in Bows
   915 | D:2      | Reached XP level 4. HP: 36/36 MP: 4/4
  1505 | D:2      | Found Gozag's Platinum Reserve.
  1772 | D:2      | You fall through a shaft!
  1831 | D:3      | Reached skill level 8 in Bows
  2595 | D:3      | Reached XP level 5. HP: 27/41 MP: 5/5
  2983 | D:3      | Reached skill level 9 in Bows
  3273 | D:3      | Noticed Natasha
  3288 | D:3      | Killed Natasha
  3387 | D:3      | Found a deep blue altar of Sif Muna.
  3794 | D:4      | Noticed an ogre
  3872 | D:4      | Reached XP level 6. HP: 18/48 MP: 6/6
  4016 | D:3      | Noticed Natasha
  4026 | D:3      | Killed Natasha
  4542 | D:4      | Noticed Blork the orc
  4549 | D:4      | Killed Blork the orc
  4549 | D:4      | Reached skill level 1 in Short Blades
  4701 | D:4      | Reached skill level 1 in Long Blades
  4731 | D:4      | Slain by a worker ant

Vault maps used:
D:1:      dpeg_arrival_refuge
D:2:      overflow_temple_1_default, nicolae_gozag_zags_fifth_avenue
D:3:      minmay_diamond_boxcup, lemuel_coloured_pillars_altar, first_ration,
          uniq_natasha
D:4:      minitemple, marbit_many_paths, lemuel_round_altar,
          gup_sewer_entry_spiral, dk_rats_in_the_wall, uniq_blork_the_orc

Skill      XL: |  1  2  3  4  5  6 |
---------------+-------------------+-----
Bows           | 6 7 8 9 |  9.8
Short Blades   | 1 |  1.7
Long Blades    | 1 |  1.3
Fighting       | |  2.7
Dodging        | |  1.3
Stealth        | |  0.4

Action                   |  1- 3 |  4- 6 || total
-------------------------+-------+-------++-------
Melee: Short sword       |     2 |   211 ||   213
       Kick              |       |    52 ||    52
       Scimitar          |       |    19 ||    19
 Fire: Shortbow          |    61 |    87 ||   148
Throw: Tomahawk          |       |     5 ||     5
  Use: Scroll            |       |     6 ||     6
       Potion            |       |     2 ||     2
 Stab: Sleeping          |       |     1 ||     1
  Eat: Chunk             |       |     7 ||     7
       Ration            |       |     1 ||     1
Armor: Leather armour    |     3 |    69 ||    72
Dodge: Dodged            |     4 |   123 ||   127
Block: Other             |       |    49 ||    49
       Reflection        |       |     2 ||     2
       Rpst.: Scimitar   |       |     3 ||     3

Table legend:
 A = Spawn XP
 B = Non-spawn XP
 C = Spawn XP percentage of total XP
 D = Spawn monster count
 E = Non-spawn monster count
 F = Spawn count percentage of total count
 G = Total turns spent on level
                    A         B        C        D         E        F      G
               +---------+---------+-------+---------+---------+-------+---------
         Total |       0 |     694 |   0.0 |       0 |      85 |   0.0 |  4731
               +---------+---------+-------+---------+---------+-------+---------
           D:1 |       0 |      21 |   0.0 |       0 |       5 |   0.0 |   548
           D:2 |       0 |     120 |   0.0 |       0 |      24 |   0.0 |  1381
           D:3 |       0 |     241 |   0.0 |       0 |      38 |   0.0 |  2333
           D:4 |       0 |     312 |   0.0 |       0 |      18 |   0.0 |   469
               +---------+---------+-------+---------+---------+-------+---------
